 Dungeon Crawl Stone Soup version 0.25-a0-589-g1e14c549ee (webtiles) character file.

Game seed: 9669945488600469979, levelgen mode: deterministic

43 An17 the Sneak (level 3, -1/19 HPs)
             Began as a Vampire Enchanter on Mar 11, 2020.
             Slain by Sigmund
             ... wielding a +0 scythe
              (12 damage)
             ... on level 2 of the Dungeon.
             The game lasted 00:03:36 (1395 turns).

An17 the Sneak (Vampire Enchanter)                  Turns: 1395, Time: 00:03:37

Health: -1/19      AC:  3    Str:  7    XL:     3   Next: 37%
Magic:  0/6        EV: 12    Int: 17    God:
Gold:   28         SH:  0    Dex: 15    Spells: 0/6 levels left

rFire    x . .     SeeInvis +   a - +1 dagger
rCold    + + +     Gourm    .   (no shield)
rNeg     + + +     Faith    .   c - +0 leather armour
rPois    ∞         Spirit   .   (no helmet)
rElec    .         Reflect  .   (no cloak)
rCorr    .         Harm     .   (no gloves)
MR       .....                  (no boots)
Stlth    +++++.....             (no amulet)
HPRegen  0.00/turn              b - ring of ice
MPRegen  0.10/turn              (no ring)

@: very slightly contaminated, bloodless
A: no food, fangs 3, see invisible, unbreathing
a: Bat Form, Revivify


You were on level 2 of the Dungeon.
You were bloodless.

You visited 1 branch of the dungeon, and saw 2 of its levels.

You collected 28 gold pieces.

Inventory:

Hand Weapons
 a - a +1 dagger (weapon)
Missiles
 f - 6 boomerangs (quivered)
Armour
 c - a +0 leather armour (worn)
Jewellery
 b - a ring of ice (left hand)
Scrolls
 e - a scroll of remove curse
Potions
 d - a potion of stabbing {unknown}


   Skills:
 + Level 0.2 Fighting
 + Level 1.3 Short Blades
 + Level 2.4 Dodging
 + Level 5.4 Stealth
 + Level 2.1 Spellcasting
 + Level 5.2 Hexes
 + Level 0.4 Ice Magic


You couldn't memorise any spells.
You knew the following spells:

 Your Spells              Type           Power        Failure   Level  Hunger
a - Corona                Hex            ###....      3%          1    N/A
b - Ensorcelled Hibernat  Hex/Ice        ###...       14%         2    N/A
c - Tukima's Dance        Hex            ###.....     10%         3    N/A

Your spell library contained the following spells:

 Spells                   Type           Power        Failure   Level  Hunger
 Confusing Touch          Hex            ###.....     10%         3    N/A
 Dazzling Flash           Conj/Hex       ##....       30%         3    N/A

Dungeon Overview and Level Annotations

Branches:
Dungeon (2/15)

Altars:

Annotations:
D:2 Sigmund


Innate Abilities, Weirdness & Mutations

You do not eat.
You do not regenerate when monsters are visible.
You are frail without blood (-20% HP).
You can heal yourself when you bite living creatures.
You are immune to poison.
You have razor-sharp teeth.
You have supernaturally acute eyesight. (SInv)
You can survive without breathing.


Message History

Aim: Sigmund, wielding a +0 scythe and wearing a +2 robe of magic resistance (severely wounded, chance to defeat MR: 23%)
You feel a surge of power!
Sigmund resists with almost no effort.
Sigmund hits you but does no damage.
Casting: Ensorcelled Hibernation (safe; 14% risk of failure)
Confirm with . or Enter, or press ? or * to list all spells.
Aiming: Ensorcelled Hibernation (safe; 14% risk of failure)
Press: ? - help, Shift-Dir - straight line, f/p - Sigmund
Aim: Sigmund, wielding a +0 scythe and wearing a +2 robe of magic resistance (severely wounded, chance to defeat MR: 23%)
You feel a surge of power!
Sigmund resists with almost no effort.
Casting: Ensorcelled Hibernation (safe; 14% risk of failure)
Confirm with . or Enter, or press ? or * to list all spells.
Aiming: Ensorcelled Hibernation (safe; 14% risk of failure)
Press: ? - help, Shift-Dir - straight line, f/p - Sigmund
Aim: Sigmund, wielding a +0 scythe and wearing a +2 robe of magic resistance (severely wounded, chance to defeat MR: 23%)
You feel a surge of power!
You miscast Ensorcelled Hibernation.
You are very lightly contaminated with residual magic.
Wisps of condensation drift from your hands.
Sigmund hits you with a +0 scythe!
Ouch! That really hurt!
You die...

#######
#.....#
#..^..###
#......)
#....?#
#@....# #@..#
###...###
###.......####
#.............
#.#...<...#.#
#.......### #
......?....#
####..######
#..


You could see Sigmund.

Vanquished Creatures
  An ooze (D:1)
  A dart slug (D:1)
  2 leopard geckos (D:1)
  3 bats (D:1)
  2 giant cockroaches (D:1)
  5 goblins (D:1)
  4 hobgoblins (D:1)
  2 jackals (D:1)
  5 kobolds (D:1)
  A ball python (D:1)
  2 frilled lizards (D:1)
  2 rats (D:1)
30 creatures vanquished.

Notes
Turn   | Place    | Note
-------+----------+-------------------------------------------
     0 | D:1      | An17 the Vampire Enchanter began the quest for the Orb.
     0 | D:1      | Reached XP level 1. HP: 13/13 MP: 3/3
   115 | D:1      | Reached XP level 2. HP: 9/19 MP: 5/5
   119 | D:1      | Learned a level 2 spell: Ensorcelled Hibernation
   360 | D:1      | Reached skill level 5 in Hexes
   529 | D:1      | Reached skill level 5 in Stealth
   806 | D:1      | Reached XP level 3. HP: 24/24 MP: 6/6
   819 | D:1      | Learned a level 3 spell: Tukima's Dance
  1384 | D:2      | Noticed Sigmund
  1395 | D:2      | Slain by Sigmund

Levels and vault maps discovered:
D:1:      tarquinn_simple_flora_water_f, layout_basic, corner_web_ring
D:2:      layout_loops_ring, nicolae_overflow_crystal_walls, xom_teletrap_fun,
          uniq_sigmund

Skill      XL: |  1  2 |
---------------+-------+-----
Hexes          | 5 |  5.2
Stealth        | 5 |  5.4
Fighting       | |  0.2
Short Blades   | |  1.3
Dodging        | |  2.4
Spellcasting   | |  2.1
Ice Magic      | |  0.4

Action                   || total
-------------------------++-------
Melee: Dagger            ||   103
       Bite              ||     7
 Cast: Ensorcelled Hiber ||    12
 Abil: Exsanguinate      ||     1
  Use: Scroll            ||     2
 Stab: Sleeping          ||    16
Armor: Robe              ||     4
       Leather armour    ||    30
Dodge: Dodged            ||    68

Table legend:
 A = Non-vault XP
 B = Vault XP
 C = Vault XP percentage of total XP
 D = Non-vault monster count
 E = Vault monster count
 F = Vault count percentage of total count
                 A         B        C        D         E       F
            +---------+---------+-------+---------+---------+-------
      Total |      62 |       0 |   0.0 |      30 |       0 |   0.0
            +---------+---------+-------+---------+---------+-------
        D:1 |      62 |       0 |   0.0 |      30 |       0 |   0.0
            +---------+---------+-------+---------+---------+-------
